 Dungeon Crawl Stone Soup version 0.29.0-11-gd7f09526c8 (webtiles) character file.

Game seed: 2368020967918231074

62392 RKaid the Markself (level 14, -1/81 HPs)
             Began as a Deep Elf Hunter on Sept 3, 2022.
             Was a High Priest of Hepliaklqana.
             Engulfed by a cloud of freezing vapour (18 damage)
             ... on level 14 of the Dungeon.
             The game lasted 01:26:24 (22238 turns).

RKaid the Markself (Deep Elf Hunter)               Turns: 22238, Time: 01:26:25

Health: -1/81      AC: 10    Str:  8    XL:     14   Next: 64%
Magic:  21/21      EV: 27    Int: 16    God:    Hepliaklqana [*****.]
Gold:   2748       SH:  5    Dex: 28    Spells: 8/13 levels left

rFire   + . .      SeeInvis .   b - +4 longbow (flame)
rCold   . . .      Faith    .   (shield currently unavailable)
rNeg    . . .      Spirit   .   F - +0 leather armour of Proximity {rElec rF+ rCorr}
rPois   +          Reflect  +   v - +0 helmet
rElec   +          Harm     .   V - +1 cloak {rPois}
rCorr   +          Rampage  .   R - +0 pair of gloves
Will    +....                   N - +1 pair of boots
Stlth   ++........              B - amulet of reflection
HPRegen 0.23/turn               d - +6 ring of dexterity
MPRegen 0.17/turn               m - +4 ring of slaying

@: no status effects
A: reduced essence
a: Renounce Religion, Recall Ancestor, Ancestor Identity, Transference, Idealise


You were on level 14 of the Dungeon.
You worshipped Hepliaklqana.
Hepliaklqana was extremely pleased with you.
You visited 2 branches of the dungeon, and saw 19 of its levels.

You collected 3117 gold pieces.
You spent 369 gold pieces at shops.

Inventory:

Hand Weapons
 a - a +1 shortbow of freezing
 b - a +4 longbow of flaming (weapon)
   (You acquired it on level 2 of the Lair of Beasts)
Missiles
 j - a curare-tipped dart
 q - 37 poisoned darts
Armour
 v - a +0 helmet (worn)
   (You found it on level 4 of the Dungeon)
 F - the +0 leather armour of Proximity (worn) {rElec rF+ rCorr}
   (You bought it in a shop on level 8 of the Dungeon)

   rF:        It protects you from fire.
   rElec:     It insulates you from electricity.
   rCorr:     It protects you from acid and corrosion.
 N - a +1 pair of boots (worn)
   (You found it on level 1 of the Lair of Beasts)
 R - a +0 pair of gloves (worn)
   (You found it on level 2 of the Lair of Beasts)
 V - a +1 cloak of poison resistance (worn)
   (You took it off Crazy Yiuf on level 7 of the Dungeon)
Jewellery
 d - a +6 ring of dexterity (left hand)
   (You found it on level 1 of the Dungeon)
 e - a ring of see invisible {sInv}
   (You found it on level 1 of the Dungeon)
 m - a +4 ring of slaying (right hand)
   (You found it on level 2 of the Dungeon)
 p - an amulet of the acrobat
   (You found it on level 5 of the Lair of Beasts)
 B - an amulet of reflection (around neck)
   (You found it on level 12 of the Dungeon)
Wands
 u - a wand of mindburst (28)
   (You found it on level 4 of the Dungeon)
 w - a wand of charming (13)
   (You found it on level 4 of the Dungeon)
 z - a wand of roots (5)
   (You took it off a goblin on level 7 of the Dungeon)
 C - a wand of polymorph (5)
   (You found it on level 7 of the Dungeon)
 D - a wand of digging (1)
   (You found it on level 5 of the Lair of Beasts)
Scrolls
 g - a scroll of amnesia
 i - a scroll of identify
 l - 2 scrolls of blinking {!r}
 t - a scroll of teleportation
 y - 4 scrolls of immolation {!r}
 G - 2 scrolls of brand weapon
 H - a scroll of summoning {unknown}
 I - a scroll of vulnerability {!r!r}
 K - a scroll of enchant armour
 M - 3 scrolls of poison
 O - a scroll of enchant weapon
 T - a scroll of fog
Potions
 c - 11 potions of curing
 f - a potion of haste
 h - 4 potions of heal wounds
 k - 6 potions of might
 n - 2 potions of mutation {!q!q}
 o - 6 potions of flight
 x - 2 potions of lignification {unknown}
 A - 3 potions of brilliance
 E - a potion of magic
 L - 3 potions of attraction {unknown}
 Q - a potion of ambrosia {unknown}
 W - 3 potions of cancellation
 Y - a potion of berserk rage {unknown}
 Z - a potion of invisibility {unknown}
Miscellaneous
 r - a phial of floods
   (You found it on level 10 of the Dungeon)
 S - a phantom mirror
   (You found it on level 2 of the Lair of Beasts)


   Skills:
 + Level 11.6 Fighting
 + Level 19.5 Ranged Weapons
 - Level 4.0 Armour
 + Level 16.1 Dodging
 - Level 1.2 Stealth
 + Level 4.3 Hexes
 - Level 5.0 Translocations
 + Level 7.7 Invocations


You had 8 spell levels left.
You knew the following spells:

 Your Spells              Type           Power      Damage    Failure   Level
a - Portal Projectile     Hex/Tloc       28%        N/A       16%         3
B - Blink                 Tloc           32%        N/A       7%          2

Your spell library contained the following spells:

 Spells                   Type           Power      Damage    Failure   Level
 Lesser Beckoning         Tloc           16%        N/A       14%         3
 Ensorcelled Hibernation  Hex/Ice        12%        N/A       22%         2
 Inner Flame              Hex/Fire       6%         N/A       41%         3
 Passage of Golubria      Tloc           16%        N/A       41%         4
 Cause Fear               Hex            6%         N/A       52%         4
 Call Canine Familiar     Summ           0%         N/A       71%         3
 Frozen Ramparts          Ice            0%         1d1       71%         3
 Spider Form              Tmut/Pois      0%         N/A       71%         3
 Manifold Assault         Tloc           16%        N/A       77%         5
 Anguish                  Hex/Necr       3%         N/A       83%         4
 Leda's Liquefaction      Hex/Erth       3%         N/A       83%         4
 Hailstorm                Conj/Ice       0%         3d3       98%         4
 Ice Form                 Ice/Tmut       0%         N/A       98%         4
 Summon Ice Beast         Ice/Summ       0%         N/A       98%         4
 Silence                  Hex/Air        3%         N/A       99%         5
 Conjure Ball Lightning   Conj/Air       0%         3x3d6     100%        6
 Simulacrum               Ice/Necr       0%         N/A       100%        6
 Discord                  Hex            6%         N/A       100%        8
 Disjunction              Tloc           8%         N/A       100%        8
 Lehudib's Crystal Spear  Conj/Erth      0%         10d2      100%        8


Dungeon Overview and Level Annotations

Branches:
Dungeon (14/15)            Temple (0/1) D:7            Lair (5/5) D:11
  Swamp (0/4) Lair:3        Snake (0/4) Lair:2        Slime (0/5) Lair:4
    Orc (0/2) D:12         Vaults (0/5) D:13

Altars:
Ashenzari
Cheibriados
Dithmenos
Elyvilon
Gozag
Hepliaklqana
Kikubaaqudgha
Makhleb
Okawaru
Qazlal
Sif Muna
Uskayaw
Vehumet
Zin
Jiyva

Shops:
D:8 *

Portals:
Bazaar: D:14

Annotations:
D:3 3 runed translucent doors, kalodont's ghost, weakling KoEn
D:8 Joseph
D:10 1 runed translucent door
Lair:5 2 transporters, jurb's ghost, journeyman DEEE


Message History

There is a stone staircase leading up here.
You have 2748 gold pieces.
You shoot an arrow. The arrow hits the wraith!
The arrow burns the wraith.
You shoot an arrow.
The arrow hits the wraith but does no damage.
Phaeton closely misses the wraith.
You shoot an arrow. The arrow closely misses the wraith.
The wraith completely misses you.
You shoot an arrow. The arrow barely misses the wraith.
Phaeton hits the wraith with a +0 flail.
The wraith hits Phaeton but does no damage.
You shoot an arrow. The arrow hits the wraith!!
The arrow burns the wraith.
You destroy the wraith!
Phaeton hits the centaur warrior simulacrum with a +0 flail!
You shoot an arrow.
The arrow hits the centaur warrior simulacrum!!
The arrow melts the centaur warrior simulacrum.
No target in view!
Phaeton is engulfed in freezing vapours.
Phaeton is engulfed in freezing vapours.
Your pack is full.
You see here a ring of poison resistance {rPois}.
You swap places.
There is a stone staircase leading up here.
Really read
J - a scroll of magic mapping {!r}?
As you read the scroll of magic mapping {!r}, it crumbles to dust.
You feel aware of your surroundings.
You sensed 1 shop/portal.
You swap places.
J - a ring of poison resistance {rPois} You drop a ring of poison resistance {rPois}.
Found a stone staircase leading down.
You open the door.
There is an open door here.
An orc comes into view.
It is wielding a +0 flail. 2 orcs come into view.
An orc wizard comes into view. It is wielding a +0 dagger.
You shoot an arrow. The arrow hits the orc!!
The arrow burns the orc.
You kill the orc!
The orc shouts!
You shoot an arrow. The arrow hits the orc.
The arrow burns the orc.
An orc comes into view. It is wielding a +0 hand axe.
You shoot an arrow.
The arrow hits the orc but does no damage.
You shoot an arrow. Phaeton avoids your attack.
The arrow hits the orc!!
The arrow burns the orc.
You kill the orc!
You shoot an arrow. The arrow barely misses the orc.
Phaeton hits the orc with a +0 flail.
You shoot an arrow. The arrow hits the orc!!
The arrow burns the orc.
You kill the orc!
A cyclops comes into view.
Phaeton blocks the orc wizard's attack.
You shoot an arrow. Phaeton avoids your attack.
The arrow hits the orc wizard!!
The arrow burns the orc wizard.
You kill the orc wizard!
You shoot an arrow. Phaeton avoids your attack.
The arrow hits the orc!!!
The arrow burns the orc.
You kill the orc!
The cyclops throws a large rock.
The large rock completely misses you.
You shoot an arrow. The arrow hits the cyclops!
The arrow burns the cyclops.
You shoot an arrow. The arrow barely misses the cyclops.
Phaeton hits the cyclops with a +0 flail!
You shoot an arrow. Phaeton avoids your attack.
The arrow hits the cyclops!!
The arrow burns the cyclops!
You kill the cyclops!
No target in view!
No target in view!
No target in view!
No target in view!
No target in view!
Found an escape hatch in the ceiling.
Things that are here:
a +0 whip; a +0 chain mail You hear the stately tolling of a bell very nearby.
You see here a +0 ring mail.
Found a flickering gateway to a bazaar.
A five-headed hydra comes into view.
You shoot an arrow. The arrow hits the five-headed hydra!!
The arrow burns the five-headed hydra!
You shoot an arrow. The arrow hits the five-headed hydra!!
The arrow burns the five-headed hydra.
You kill the five-headed hydra!
Press: ? - help, v - describe, . - travel Some shallow water.
There is a cloud of freezing vapour here.
Unknown command.
You drop a +2 dagger of holy wrath.
You drop the +8 whip of the Reaper {venom, rC++ Str-3 Int+8 Dex-2}.
You drop +0 fire dragon scales {rF++, rC-}.
You drop a ring of flight {+Fly}.
Really walk into a travel-excluded area?
You enter the shallow water.
Moving in this stuff is going to be slow.
You are engulfed in freezing vapours.
You are engulfed in freezing vapours.
Ouch! That really hurt!
* * * LOW HITPOINT WARNING * * *
There is a flickering gateway to a bazaar here.
You are engulfed in freezing vapours.
You die...

..)....[.............#
##)..............†...#
#.).............^...#
#..)...<............#
#..........=.°°°....#
#....(......°○○°°°..#
#...........°☼°°°○..#
#...........##R°☼#..#
#...#########○○@°°..#
*...* ##○○~#..# **,***
##○##,.# ,,,* ###*,,#
**** *,,* ****


You could see the friendly Phaeton the knight.

Vanquished Creatures
  Nessos (Lair:4)
  Fannar (D:11)
  A boulder beetle (Lair:4)
  6 hydras
  2 catoblepae
  Erica (D:11)
  An anaconda (Lair:5)
  2 centaur warriors (D:13)
  6 death yaks
  4 skeletal warriors (D:12)
  A swamp dragon (Lair:5)
  A wizard (D:13)
  Pikel (D:6)
  2 ugly things
  3 cyclopes
  4 black mambas
  9 elephants
  A gargoyle (D:12)
  9 cane toads
  7 komodo dragons
  8 rime drakes
  4 trolls (D:13)
  2 hornets (D:9)
  10 polar bears
  8 blink frogs
  4 raiju (Lair:5)
  6 slime creatures (D:13)
  A centaur simulacrum (D:14)
  3 vampires
  A shadow (D:12)
  5 wraiths
  Eustachio (D:4)
  6 wyverns
  35 yaks
  3 vampire mosquitoes
  A basilisk (Lair:5)
  3 steam dragons
  Menkaure (D:7)
  5 nagas (Lair:2)
  4 wargs (Lair:5)
  9 hell hounds (Lair:5)
  7 water moccasins
  4 orc warriors
  2 sky beasts
  11 black bears
  An ogre (D:4)
  8 centaurs
  16 wolves
  4 lemures
  A phantom (D:5)
  A kobold brigand (D:9)
  3 bullfrogs
  3 gnoll sergeants
  7 scorpions
  3 wights (D:9)
  5 killer bees (D:11)
  5 howler monkeys
  4 electric eels
  4 jellies
  8 orc priests
  6 hounds
  Crazy Yiuf (D:7)
  Jessica (D:3)
  11 orc wizards
  5 iguanas
  A mummy (D:7)
  14 gnolls
  10 adders
  A white imp (D:7)
  3 worms
  A dart slug (D:4)
  33 orcs
  7 ball pythons
  2 bats
  5 endoplasms
  3 giant cockroaches
  13 hobgoblins
  11 kobolds
  4 quokkas
  4 frilled lizards
  9 goblins
  5 rats
430 creatures vanquished.

Vanquished Creatures (collateral kills)
  A fire dragon (Lair:5)
  A hydra (Lair:5)
  A centaur warrior (D:13)
  2 two-headed ogres (D:10)
  A catoblepas (Lair:3)
  A death yak (Lair:3)
  A wizard (D:13)
  A deep elf pyromancer (D:12)
  An elephant (Lair:3)
  A torpor snail (Lair:4)
  A gargoyle (D:10)
  A kobold demonologist (D:12)
  A komodo dragon (Lair:2)
  A troll (D:11)
  A blink frog (Lair:2)
  4 yaks
  A basilisk (Lair:3)
  2 vampire mosquitoes
  2 wargs (Lair:5)
  An acid dragon (D:12)
  3 water moccasins
  2 hell hounds (Lair:5)
  An orc warrior (D:10)
  3 black bears (Lair:5)
  A centaur (D:12)
  2 bullfrogs
  A scorpion (D:7)
  2 wights
  A killer bee (D:11)
  An orc priest (D:13)
  An iguana (Lair:5)
  3 orc wizards
  A gnoll (D:12)
  3 orcs
  An endoplasm (D:4)
52 creatures vanquished.

Vanquished Creatures (others)
  A yak (D:5)
  7 knights
  A quokka (D:7)
  A kobold (D:4)
  19 fungi
  36 plants
65 creatures vanquished.

Grand Total: 547 creatures vanquished

Notes
Turn   | Place    | Note
-------+----------+-------------------------------------------
     0 | D:1      | RKaid the Deep Elf Hunter began the quest for the Orb.
     0 | D:1      | Reached XP level 1. HP: 12/12 MP: 3/3
   244 | D:1      | Reached XP level 2. HP: 17/17 MP: 4/4
   257 | D:1      | Found a faded altar of an unknown god.
   867 | D:1      | Reached skill level 2 in Fighting
   867 | D:1      | Reached skill level 6 in Ranged Weapons
   867 | D:1      | Reached skill level 3 in Dodging
   867 | D:1      | Reached XP level 3. HP: 21/21 MP: 5/5
  1226 | D:2      | Reached XP level 4. HP: 26/26 MP: 6/6
  2060 | D:3      | Found an iron altar of Okawaru.
  2162 | D:3      | Noticed Jessica
  2163 | D:3      | Killed Jessica
  2164 | D:3      | Reached skill level 7 in Ranged Weapons
  2164 | D:3      | Reached XP level 5. HP: 31/31 MP: 7/7
  2247 | D:3      | Found a runed translucent gate.
  2247 | D:3      | Found a runed translucent gate.
  2247 | D:3      | Found a runed translucent gate.
  2247 | D:3      | Noticed kalodont's ghost (weakling KoEn)
  2538 | D:3      | Found a shimmering blue altar of Sif Muna.
  2752 | D:4      | Noticed an ogre
  2756 | D:4      | Killed an ogre
  2757 | D:4      | Reached skill level 4 in Dodging
  2767 | D:4      | Reached skill level 3 in Fighting
  2767 | D:4      | Reached skill level 8 in Ranged Weapons
  2767 | D:4      | Reached XP level 6. HP: 37/37 MP: 8/8
  3327 | D:4      | Noticed Eustachio
  3351 | D:4      | HP: 9/37 [river rat[Eustachio] (7)]
  3825 | D:4      | Identified the +8 whip of the Reaper {venom, rC++ Str-3
                  | Int+8 Dex-2}
  4042 | D:5      | Entered Level 5 of the Dungeon
  4046 | D:5      | Reached skill level 5 in Dodging
  4052 | D:4      | Reached XP level 7. HP: 36/41 MP: 9/9
  4250 | D:5      | Found a broken altar of Ashenzari.
  4250 | D:5      | Found a radiant altar of Vehumet.
  4272 | D:5      | Reached skill level 9 in Ranged Weapons
  4411 | D:5      | Noticed a yak
  4411 | D:5      | Noticed a yak
  4411 | D:5      | Noticed a yak
  4411 | D:5      | Noticed a yak
  4411 | D:5      | Noticed a yak
  4431 | D:4      | Learned a level 2 spell: Blink
  4435 | D:4      | Learned a level 3 spell: Portal Projectile
  4490 | D:5      | Found a hide-covered altar of Uskayaw.
  4557 | D:5      | Reached skill level 1 in Translocations
  4687 | D:5      | Found a burning altar of Makhleb.
  4691 | D:5      | Found a glowing silver altar of Zin.
  4691 | D:5      | Noticed an Executioner
  4691 | D:5      | Noticed an angel
  4738 | D:5      | Killed a yak
  4742 | D:5      | Killed a yak
  4743 | D:5      | Reached skill level 4 in Fighting
  4743 | D:5      | Reached skill level 10 in Ranged Weapons
  4743 | D:5      | Reached skill level 2 in Translocations
  4743 | D:5      | Reached XP level 8. HP: 48/48 MP: 10/10
  4772 | D:5      | Reached skill level 6 in Dodging
  4960 | D:5      | Found a stormy altar of Qazlal.
  4960 | D:5      | Found a hazy altar of Hepliaklqana.
  4978 | D:5      | Became a worshipper of Hepliaklqana the Forgotten
  5746 | D:6      | Reached skill level 3 in Translocations
  5894 | D:6      | Identified a scroll of acquirement
  6022 | D:6      | Found a shadowy altar of Dithmenos.
  6100 | D:6      | Reached skill level 11 in Ranged Weapons
  6489 | D:6      | Reached skill level 7 in Dodging
  6608 | D:6      | Reached XP level 9. HP: 53/53 MP: 11/11
  6627 | D:6      | Reached skill level 4 in Translocations
  6787 | D:7      | Noticed Pikel
  7034 | D:7      | Noticed Menkaure
  7413 | D:6      | HP: 9/53 [Pikel/+2 whip of electrocution (11)]
  7414 | D:6      | HP: 4/53 [Pikel/+2 whip of electrocution (5)]
  7421 | D:6      | Killed Pikel
  7422 | D:6      | Reached skill level 5 in Fighting
  7422 | D:6      | Reached skill level 12 in Ranged Weapons
  7712 | D:7      | Killed Menkaure
  7992 | D:7      | Reached skill level 5 in Translocations
  8007 | D:7      | Reached * piety under Hepliaklqana
  8126 | D:7      | Reached skill level 8 in Dodging
  8158 | D:7      | Found a snail-covered altar of Cheibriados.
  8190 | D:7      | Found a staircase to the Ecumenical Temple.
  8300 | D:7      | Found a white marble altar of Elyvilon.
  8404 | D:7      | Reached skill level 13 in Ranged Weapons
  8593 | D:7      | RKaid: !ac 5
  8593 | D:7      | beem: 4.4 armour skill per 1 AC for 5 base AC
  8593 | D:7      | RKaid: !ac 7
  8593 | D:7      | beem: 3.14 armour skill per 1 AC for 7 base AC
  8605 | D:7      | Found a runed translucent door.
  8606 | D:7      | Noticed Crazy Yiuf
  8613 | D:7      | Killed Crazy Yiuf
  8624 | D:7      | RKaid: !ac 8
  8624 | D:7      | beem: 2.75 armour skill per 1 AC for 8 base AC
  8717 | D:8      | Noticed Joseph
  8840 | D:8      | Reached ** piety under Hepliaklqana
  8841 | D:8      | Remembered your ancestor Phaeton as a knight
  8893 | D:8      | Reached skill level 1 in Armour
  8991 | D:8      | Reached XP level 10. HP: 54/54 MP: 12/12
  9011 | D:8      | Found Bauzes's General Store.
  9023 | D:8      | Bought a potion of heal wounds for 55 gold pieces
  9023 | D:8      | Bought the +0 leather armour of Proximity {rElec rF+ rCorr}
                  | for 314 gold pieces
  9416 | D:8      | Found an ancient bone altar of Kikubaaqudgha.
  9876 | D:4      | Killed Eustachio
  9877 | D:4      | Reached skill level 6 in Fighting
 10104 | D:9      | Reached skill level 2 in Armour
 10104 | D:9      | Reached skill level 9 in Dodging
 10172 | D:9      | Found an opulent altar of Gozag.
 10280 | D:9      | RKaid: !ac 6
 10280 | D:9      | beem: 3.67 armour skill per 1 AC for 6 base AC
 10753 | D:10     | Entered Level 10 of the Dungeon
 10789 | D:10     | Noticed a two-headed ogre
 10796 | D:10     | Killed a two-headed ogre
 10797 | D:10     | Reached skill level 14 in Ranged Weapons
 10797 | D:10     | Reached skill level 3 in Armour
 10887 | D:10     | Noticed a two-headed ogre
 10896 | D:10     | Killed a two-headed ogre
 10897 | D:10     | Reached skill level 10 in Dodging
 10983 | D:10     | Found a runed translucent door.
 10984 | D:10     | Noticed a tengu warrior
 10984 | D:10     | Noticed an ettin
 11026 | D:10     | Reached skill level 7 in Fighting
 11203 | D:9      | Reached XP level 11. HP: 31/60 MP: 10/13
 11476 | D:10     | Reached skill level 4 in Armour
 11695 | D:10     | Noticed a lindwurm
 11865 | D:11     | Reached *** piety under Hepliaklqana
 11865 | D:11     | Noticed Erica
 12044 | D:11     | Found a staircase to the Lair.
 12359 | D:11     | Noticed Fannar
 12369 | D:11     | Killed Fannar
 12370 | D:11     | Reached skill level 15 in Ranged Weapons
 12370 | D:11     | Reached skill level 11 in Dodging
 13159 | D:11     | Killed Erica
 13256 | Lair:1   | Entered Level 1 of the Lair of Beasts
 13438 | Lair:1   | Reached skill level 8 in Fighting
 13501 | Lair:1   | Reached **** piety under Hepliaklqana
 13982 | Lair:2   | Found a staircase to the Snake Pit.
 14181 | Lair:2   | Reached skill level 12 in Dodging
 14200 | Lair:2   | Reached skill level 16 in Ranged Weapons
 14500 | Lair:2   | Reached XP level 12. HP: 67/67 MP: 14/14
 14829 | Lair:3   | Noticed a seven-headed hydra
 14955 | Lair:3   | Reached skill level 9 in Fighting
 14987 | Lair:2   | Acquired 778 gold pieces
 14989 | Lair:2   | Acquired a +4 longbow of flaming
 15010 | Lair:2   | Acquired 834 gold pieces
 15170 | Lair:3   | Noticed a catoblepas
 15181 | Lair:3   | Killed a catoblepas
 15182 | Lair:3   | Reached skill level 13 in Dodging
 15193 | Lair:3   | Killed a seven-headed hydra
 15213 | Lair:3   | Found a staircase to the Swamp.
 15227 | Lair:3   | Reached ***** piety under Hepliaklqana
 15308 | Lair:3   | Noticed a catoblepas
 15314 | Lair:3   | Killed a catoblepas
 15315 | Lair:3   | Reached skill level 17 in Ranged Weapons
 15788 | Lair:4   | Noticed Nessos
 15950 | Lair:4   | Noticed a death yak
 15966 | Lair:4   | Killed a death yak
 16158 | Lair:4   | Killed Nessos
 16193 | Lair:4   | Noticed a boulder beetle
 16194 | Lair:4   | Reached skill level 10 in Fighting
 16195 | Lair:4   | Noticed a death yak
 16203 | Lair:4   | Killed a boulder beetle
 16204 | Lair:4   | Reached skill level 14 in Dodging
 16204 | Lair:4   | Reached XP level 13. HP: 73/73 MP: 15/15
 16324 | Lair:4   | Found a staircase to the Slime Pits.
 16324 | Lair:4   | Found a viscous altar of Jiyva.
 16562 | Lair:5   | Entered Level 5 of the Lair of Beasts
 16615 | Lair:5   | Reached skill level 1 in Invocations
 16658 | Lair:5   | Found a transporter.
 17008 | Lair:5   | Reached skill level 2 in Invocations
 17142 | Lair:5   | Reached skill level 18 in Ranged Weapons
 17161 | Lair:4   | Reached skill level 3 in Invocations
 17614 | Lair:3   | HP: 17/74 [death yak (19)]
 17628 | Lair:2   | HP: 14/74 [wyvern (6)]
 18043 | Lair:4   | HP: 18/74 [death yak (17)]
 18054 | Lair:4   | Reached skill level 4 in Invocations
 18517 | Lair:5   | Found a transporter.
 18520 | Lair:5   | Noticed jurb's ghost (journeyman DEEE)
 18554 | Lair:5   | Reached skill level 15 in Dodging
 18709 | Lair:5   | Reached skill level 5 in Invocations
 18819 | Lair:5   | Noticed a fire dragon
 18832 | Lair:5   | Killed a fire dragon
 19130 | Lair:5   | Reached skill level 11 in Fighting
 19185 | Lair:5   | Reached XP level 14. HP: 81/81 MP: 20/20
 19190 | Lair:5   | Reached skill level 6 in Invocations
 19332 | Lair:5   | Reached skill level 19 in Ranged Weapons
 20114 | D:12     | Reached skill level 1 in Hexes
 20366 | D:12     | Found a staircase to the Orcish Mines.
 20699 | D:12     | Reached skill level 2 in Hexes
 20925 | D:13     | Reached skill level 7 in Invocations
 21246 | D:13     | Reached skill level 3 in Hexes
 21736 | D:13     | Reached skill level 16 in Dodging
 21967 | D:13     | Reached skill level 4 in Hexes
 22091 | D:13     | Found a gate to the Vaults.
 22224 | D:14     | Found a flickering gateway to a bazaar.
 22237 | D:14     | HP: 17/81 [something (41)]
 22238 | D:14     | Engulfed by a cloud of freezing vapour

Illustrated notes

Levels and vault maps discovered:
D:1:      co_arrival_square_in_a_square_in_a_square, layout_basic,
          hellmonk_ecumenical_altar_pennies_from_heaven
D:2:      layout_loops_ring, nicolae_kite_square_tiling_tiny,
          grunt_ministairs_1, eino_tiny_chamber, corexii_item_surrounded_by_moat
D:3:      layout_basic, lemuel_blue_sif_altar, mainiacjoe_overflow_alcove_1,
          ebering_ghost_rock_garden, uniq_jessica
D:4:      layout_basic, uniq_eustachio
D:5:      layout_loops_ring, grunt_temple_overflow_order_and_chaos_2,
          nicolae_overflow_two_pavilions, jmf_multi_god_temple,
          mainiacjoe_overflow_tiny_flanked, grunt_ministairs_6,
          dreamdust_gnoll_farm
D:6:      layout_loops_corners, mainiacjoe_overflow_brackets
D:7:      layout_basic, chei_slow_surprise, elyvilon_altar_4, temple_pool_b,
          enter_bailey_3, uniq_crazy_yiuf_cottage, uniq_menkaure, uniq_pikel
D:8:      layout_loops_ring, grunt_temple_overflow_growth_and_decay,
          serial_shops, nicolae_lakefront_shop, uniq_joseph
D:9:      layout_basic, nicolae_overflow_crystal_walls, minivault_4
D:10:     layout_roguey, wad_hexagon
D:11:     layout_layer_cave, lair_entry_dummy, minmay_misc_feat_tower,
          uniq_erica, uniq_fannar
D:12:     layout_basic, orc_0_dummy
D:13:     layout_loops_corners, david_vaults_1
D:14:     layout_irregular_city, dk_noncrumbling_3, serial_shops, freezing_bzr,
          nicolae_eternal_life
Lair:1:   layout_misc_corridors, grunt_forest_small_clearings,
          grunt_megastairs_3, serial_bayou_shore_a
Lair:2:   layout_regular_city, minmay_snake_entry_guardpost_large,
          lemuel_fruit_tree, infiniplex_staircase_pool
Lair:3:   layout_misc_corridors, swamp_mist, infiniplex_staircase_pool_2
Lair:4:   nzn_winding_woodlands_three_and_one
          [nzn_winding_woodlands_5x15_jagged,
          nzn_winding_woodlands_5x15_crooked, nzn_winding_woodlands_5x15_twine,
          nzn_winding_woodlands_center_triple_pond], layout_layer_cave,
          slime_entry_1, uniq_nessos
Lair:5:   guppyfry_lair_end_dragon, layout_misc_corridors,
          hangedman_lair_caniforms_friends, gammafunk_ghost_arena

Skill      XL: |  1  2  3  4  5  6  7  8  9 10 11 12 13 14 |
---------------+-------------------------------------------+-----
Fighting       | 2 3 4 5 7 8 10 11 | 11.6
Ranged Weapons | 6 7 8 10 11 13 14 16 17 18 19 | 19.5
Dodging        | 3 4 5 7 8 10 12 14 15 16 | 16.1
Translocations | 2 3 5 |  5.0
Armour         | 1 3 4 |  4.0
Invocations    | 5 7 |  7.7
Hexes          | 4 |  4.3
Stealth        | |  1.2

Action                   |  1- 3 |  4- 6 |  7- 9 | 10-12 | 13-15 || total
-------------------------+-------+-------+-------+-------+-------++-------
Melee: Dagger            |       |       |     4 |       |       ||     4
 Fire: Shortbow          |    79 |   109 |   287 |   410 |    70 ||   955
       Longbow           |       |       |       |   105 |   466 ||   571
Throw: Dart              |       |       |     3 |       |       ||     3
 Cast: Blink             |       |       |     2 |     1 |     4 ||     7
Invok: Ancestor Life: Kn |       |       |     1 |       |       ||     1
       Ancestor Identity |       |       |     1 |       |       ||     1
       Recall Ancestor   |       |       |       |     1 |     4 ||     5
Evoke: Wand              |       |     2 |     4 |     1 |     2 ||     9
  Use: Scroll            |       |     8 |     6 |    13 |     4 ||    31
       Potion            |       |       |     2 |       |     1 ||     3
Armor: Leather armour    |    12 |     6 |     7 |     5 |    27 ||    57
       Ring mail         |       |       |    22 |       |       ||    22
Dodge: Dodged            |    21 |    19 |    91 |    61 |   166 ||   358
Block: Other             |       |       |       |       |     4 ||     4
       Reflection        |       |       |       |       |     3 ||     3

Table legend: (Time is in decaauts)
 A = Elapsed time spent in this place.
 B = Non-inter-level travel time spent in this place.
 C = Inter-level travel time spent in this place.
 D = Time resting spent in this place.
 E = Time spent auto-exploring this place.
 F = Levels seen in this place.
 G = Mean time per level.
                   A        B        C        D        E       F      G
               +--------+--------+--------+--------+--------+-----+--------+
         Total |  22180 |  20438 |   1742 |   4276 |  12194 |  19 | 1167.4 |
       Dungeon |  15783 |  14641 |   1142 |   2847 |   9308 |  14 | 1127.4 |
          Lair |   6396 |   5796 |    600 |   1428 |   2885 |   5 | 1279.2 |
               +--------+--------+--------+--------+--------+-----+--------+

Top non-repeatable levels by time:
     D:6: 2177 daAuts
  Lair:4: 2073 daAuts
     D:4: 1811 daAuts
  Lair:5: 1554 daAuts
    D:11: 1547 daAuts
     D:5: 1465 daAuts
    D:13: 1236 daAuts
     D:3: 1199 daAuts
    D:12: 1161 daAuts
  Lair:2: 1140 daAuts
     D:1: 976 daAuts
     D:9: 920 daAuts
  Lair:3: 910 daAuts
     D:7: 867 daAuts
     D:8: 830 daAuts

Table legend:
 A = Kills in this place as a percentage of kills in entire the game.
 B = Kills by you in this place as a percentage of kills by you in the entire game.
 C = Kills by friends in this place as a percentage of kills by friends in the entire game.
 D = Other kills in this place as a percentage of other kills in the entire game.
 E = Experience gained in this place as a percentage of experience gained in the entire game.
 F = Experience gained in this place divided by the number of levels of this place that you have seen.
                   A       B       C       D       E      F
               +-------+-------+-------+-------+-------+----------------------
         Total | 100.0 | 100.0 | 100.0 |   N/A | 100.0 | 4691.2
       Dungeon |  61.5 |  61.7 |  59.6 |   N/A |  39.3 | 2503.5
          Lair |  38.5 |  38.3 |  40.4 |   N/A |  60.7 | 10816.6
               +-------+-------+-------+-------+-------+----------------------
